 Dungeon Crawl Stone Soup version 0.23.2 (webtiles) character file.

Game seed: 5497374846137267586

169 Roran the Sneak (level 5, 0/44 HPs)
             Began as a Naga Transmuter on Apr 1, 2019.
             Killed from afar by an orc wizard (7 damage)
             ... with a magic dart
             ... on level 3 of the Dungeon.
             The game lasted 00:12:05 (2473 turns).

Roran the Sneak (Naga Transmuter)                   Turns: 2473, Time: 00:12:06

Health: 0/44       AC:  3    Str: 12    XL:     5   Next: 50%
Magic:  0/9        EV: 10    Int: 15    God:
Gold:   80         SH:  0    Dex: 11    Spells: 3/9 levels left

rFire    . . .     SeeInvis +     - Unarmed
rCold    + . .     Gourm    .   (no shield)
rNeg     . . .     Faith    .   b - +0 robe
rPois    +         Spirit   .   (no helmet)
rElec    .         Reflect  .   k - +0 cloak
rCorr    .         Harm     .   (no gloves)
MR       .....                  (no barding)
Stlth    +++.......             (no amulet)
HPRegen  0.14/turn              l - +3 ring of slaying
MPRegen  0.11/turn              m - ring of protection from cold

@: appendage (expiring), slowed, very slow
A: large, horns 2, see invisible, deformed body, poison resistance, slowness 2,
slow metabolism 1, spit poison 1, AC +1
a: Spit Poison, End Transformation


You were on level 3 of the Dungeon.
You were hungry.
You had grown temporary horns.
You visited 1 branch of the dungeon, and saw 3 of its levels.

You collected 80 gold pieces.

Inventory:

Missiles
 a - 52 arrows
Armour
 b - a +0 robe (worn)
 j - a +0 leather armour
 k - a +0 cloak (worn)
Jewellery
 l - a +3 ring of slaying (left hand)
 m - a ring of protection from cold (right hand)
Scrolls
 f - 2 scrolls of teleportation
 g - a scroll of random uselessness
 i - a scroll of enchant weapon
 p - a scroll of identify
Potions
 c - a potion of flight
 e - a potion of haste {unknown}
 h - 2 potions of magic
 n - a potion of lignification {unknown}
 o - a potion of curing {unknown}
Comestibles
 d - 7 rations


   Skills:
 + Level 1.2 Fighting
 - Level 1.5 Dodging
 - Level 5.0 Stealth
 * Level 3.2 Unarmed Combat
 + Level 2.7 Spellcasting
 * Level 3.5 Transmutations


You had 3 spell levels left.
You knew the following spells:

 Your Spells              Type           Power        Failure   Level  Hunger
a - Beastly Appendage     Tmut           ##....       4%          1    #......
b - Sticks to Snakes      Tmut           ##......     8%          2    ##.....
c - Spider Form           Tmut/Pois      #.........   30%         3    ###....

Your spell library contained the following spells:

 Spells                   Type           Power        Failure   Level  Hunger
 Ice Form                 Ice/Tmut       #.......     69%         4    #####..
 Blade Hands              Tmut           ##........   80%         5    ######.


Dungeon Overview and Level Annotations

Branches:
Dungeon (3/15)

Altars:
Hepliaklqana
Xom


Innate Abilities, Weirdness & Mutations

You cannot wear boots.
Your serpentine skin is tough. (AC +1)
You have supernaturally acute eyesight. (SInv)
Armour fits poorly on your strangely shaped body.
Your system is resistant to poisons. (rPois)
You cover ground very slowly.
You have a slow metabolism.
You can spit poison.
You have a pair of horns on your head.


Message History

Your magical contamination has completely faded away.
You hit the orc wizard.
The orc wizard is almost dead.
The orc wizard mumbles some strange words.
The orc wizard blinks!
The orc wizard casts a spell.
The orc wizard blinks!
Okay, then.
Okay, then.
Casting: Beastly Appendage (safe; 4% risk of failure)
Confirm with . or Enter, or press ? or * to list all spells.
You create a snake!
You now have 52 arrows.
The orc wizard points at you and mumbles some strange words.
You resist with some effort. The orc wizard casts a spell at you.
The magic dart hits you.
* * * LOW HITPOINT WARNING * * *
The orc wizard gestures at you while chanting.
The magic dart hits you!
You die...

#... ... #... #..
#...#.. .....###
#.#)...# ###.#)##.#.#
#....).....#
###.S.###### #.@)# #+#
#)..#
########.######...####
..............o......#
.########.....(.!.##.#
.# ##.##...#.# # .#
#.##...#.# .#
#.##..(#.# .#
#.###.##.##.#


You could see an orc wizard and a friendly ball python.

Vanquished Creatures
  An orc priest (D:3)
  Jessica (D:2)
  An adder (D:2)
  2 oozes
  A worm (D:3)
  2 dart slugs (D:1)
  A leopard gecko (D:1)
  2 orcs (D:3)
  6 bats
  3 giant cockroaches (D:1)
  7 hobgoblins
  A jackal (D:2)
  A quokka (D:3)
  4 frilled lizards
  8 goblins
  12 kobolds
  5 rats
58 creatures vanquished.

Vanquished Creatures (collateral kills)
  Terence (D:2)
  A dart slug (D:2)
  3 orcs (D:3)
  A bat (D:3)
  2 jackals (D:2)
  A frilled lizard (D:2)
  A rat (D:2)
10 creatures vanquished.

Grand Total: 68 creatures vanquished

Notes
Turn   | Place    | Note
-------+----------+-------------------------------------------
     0 | D:1      | Roran the Naga Transmuter began the quest for the Orb.
     0 | D:1      | Reached XP level 1. HP: 18/18 MP: 3/3
    59 | D:1      | Reached skill level 1 in Stealth
   112 | D:1      | Reached skill level 2 in Stealth
   127 | D:1      | Reached XP level 2. HP: 15/25 MP: 3/5
   324 | D:1      | Reached skill level 3 in Stealth
   692 | D:1      | Reached skill level 4 in Stealth
   849 | D:1      | Reached XP level 3. HP: 23/31 MP: 6/6
   928 | D:1      | Learned a level 2 spell: Sticks to Snakes
   932 | D:1      | Learned a level 3 spell: Spider Form
  1300 | D:1      | Reached skill level 5 in Stealth
  1598 | D:2      | Reached XP level 4. HP: 38/38 MP: 5/7
  1829 | D:2      | Found a hazy altar of Hepliaklqana.
  1830 | D:2      | Found a shimmering altar of Xom.
  1830 | D:2      | Noticed a torpor snail
  1831 | D:2      | Noticed a spectral ugly thing
  1831 | D:2      | Noticed a torpor snail
  1841 | D:2      | Noticed Jessica
  1850 | D:2      | Killed Jessica
  1882 | D:2      | Noticed Terence
  1894 | D:2      | Killed Terence
  1943 | D:2      | Reached XP level 5. HP: 44/44 MP: 8/8
  2473 | D:3      | Killed from afar by an orc wizard

Skill      XL: |  1  2  3  4 |
---------------+-------------+-----
Stealth        | 2 4 5 |  5.0
Transmutations | 3 |  3.5
Fighting       | |  1.2
Dodging        | |  1.5
Unarmed Combat | |  3.2
Spellcasting   | |  2.7

Action                   |  1- 3 |  4- 6 || total
-------------------------+-------+-------++-------
Melee: Unarmed           |    61 |    68 ||   129
       Headbutt          |     5 |     5 ||    10
       Punch             |     1 |       ||     1
 Cast: Beastly Appendage |     8 |     5 ||    13
       Sticks to Snakes  |     4 |     9 ||    13
       Spider Form       |       |     2 ||     2
 Abil: Spit Poison       |    26 |    19 ||    45
  Use: Scroll            |       |    10 ||    10
 Stab: Sleeping          |     1 |       ||     1
  Eat: Chunk             |     3 |     4 ||     7
Armor: Robe              |    20 |    10 ||    30
Dodge: Dodged            |    31 |    41 ||    72
